AoeStats
← PacoelJusto

Arena

510041935Analyzed
4v4 RM · 3d ago on Sep 29, 2026· 41m 2s· 8 players
Game mode
Random Map
Map size
Large (8 player)
Population
200
Speed
Normal
Resources
Standard
Victory
Conquest
Starting age
Dark Age
Ending age
Imperial Age
RankedLock teamsTeams togetherTeam positionsShared explorationLock speedFull tech treeHidden civsTurbo modeCheats
Victory
Defeat
🇨🇳 Celts · China
1278
+8
🇨🇴 Italians · Colombia
1161
+12
🇹🇼 Cumans · Taiwan
1156
+12
🇺🇸 Romans · United States
1153
+11
🇨🇱 Saxons · Chile
1109
-12
🇲🇽 Slavs · Mexico
1096
-12
🇦🇷 Poles · Argentina
1037
-10
🇦🇷 Huns · Argentina
1033
-9
RexConquistadorLex
11:24 Feudal Age
12:15 Horse Collar
13:04 Loom
16:19 Castle Age
14:33 Double-Bit Axe
15:36 Gold Mining
16:21 Stone Mining
22:24 Fervor
24:34 Heavy Plow
25:22 Husbandry
26:14 Bloodlines
26:18 Forging
28:35 Town Watch
29:34 Gold Shaft Mining
31:58 Imperial Age
30:05 Wheelbarrow
30:25 Bow Saw
31:13 Gold Shaft Mining
30:55 Squires
31:21 Fortified Wall
31:08 Fletching
32:13 Hand Cart
32:26 Masonry
33:03 Bodkin Arrow
33:33 Conscription
33:14 Pikeman
34:58 Ballistas
35:16 Heavy Scorpion
37:05 Chemistry
36:25 Scale Barding Armor
36:57 Iron Casting
37:49 Chain Barding Armor
36:56 Elite Centurion
38:22 Crop Rotation
39:38 Blast Furnace
39:18 Man-at-Arms
40:50 Comitatenses
41:00 Guilds
41:13 Ballistics
40:58 Siege Engineers
The VlachoGamer
4:10 Loom
11:56 Feudal Age
13:32 Double-Bit Axe
17:38 Castle Age
15:50 Fletching
20:16 Bodkin Arrow
27:49 Padded Archer Armor
33:02 Imperial Age
32:24 Gold Mining
33:12 Wheelbarrow
34:27 Capped Ram
35:42 Conscription
国产男子汉
10:24 Feudal Age
14:03 Castle Age
13:06 Double-Bit Axe
13:02 Horse Collar
20:21 Wheelbarrow
26:08 Imperial Age
24:46 Hand Cart
24:26 Gold Mining
24:55 Bow Saw
25:16 Murder Holes
25:09 Loom
25:28 Heavy Plow
25:55 Fletching
26:56 Fortified Wall
27:59 Masonry
27:50 Bodkin Arrow
29:08 Hoardings
28:54 Conscription
29:38 Town Watch
29:27 Heavy Scorpion
31:25 Chemistry
30:45 Ballistics
36:40 Gold Shaft Mining
35:57 Stone Mining
38:44 Furor Celtica
38:40 Padded Archer Armor
38:50 Forging
38:41 Scale Mail Armor
39:08 Caravan
39:11 Capped Ram
41:12 Iron Casting
40:03 Siege Ram
41:58 Stone Shaft Mining
michaelye023755
8:42 Feudal Age
9:40 Double-Bit Axe
11:20 Horse Collar
20:25 Castle Age
19:26 Wheelbarrow
21:24 Heavy Plow
21:36 Bow Saw
26:12 Fletching
29:31 Imperial Age
27:25 Hand Cart
27:11 Loom
27:12 Town Watch
29:13 Gold Mining
31:14 Two-Man Saw
31:32 Bodkin Arrow
32:20 Forging
32:10 Scale Mail Armor
33:12 Town Patrol
34:06 Scale Barding Armor
35:18 Ballistics
35:46 Cavalier
36:00 Pikeman
36:52 Halberdier
37:33 Squires
38:27 Gold Shaft Mining
38:30 Crop Rotation
38:39 Iron Casting
38:20 Chain Mail Armor
39:59 Conscription
39:42 Cuman Mercenaries
PacoelJusto
1:59 Loom
3:37 Loom
7:29 Loom
10:02 Feudal Age
17:00 Castle Age
15:06 Horse Collar
15:14 Double-Bit Axe
17:03 Gold Mining
21:28 Sanctity
21:52 Bow Saw
23:23 Stone Mining
23:39 Heavy Plow
25:23 Wheelbarrow
25:39 Forging
27:36 Iron Casting
31:40 Imperial Age
29:29 Hand Cart
29:21 Scale Barding Armor
29:38 Scale Mail Armor
30:48 Chain Barding Armor
31:06 Chain Mail Armor
30:58 Squires
32:23 Capped Ram
34:06 Blast Furnace
34:40 Chemistry
34:56 Pikeman
36:12 Plate Mail Armor
35:54 Druzhina
36:37 Halberdier
37:55 Plate Barding Armor
Chelowolf
9:12 Feudal Age
10:01 Loom
16:03 Castle Age
15:00 Double-Bit Axe
14:59 Horse Collar
20:07 Scale Mail Armor
20:10 Arson
23:33 Chain Mail Armor
24:01 Squires
24:41 Forging
27:11 Iron Casting
35:23 Imperial Age
35:36 Bow Saw
35:31 Elite Varangian Guard
37:41 Plate Mail Armor
37:09 Gambesons
40:29 Conscription
WWPKIMI
0:26 Loom
13:20 Feudal Age
15:51 Wheelbarrow
15:43 Loom
18:08 Castle Age
17:38 Double-Bit Axe
17:41 Horse Collar
19:38 Fletching
20:14 Bloodlines
20:04 Husbandry
20:12 Heavy Plow
21:18 Crossbowman
22:15 Loom
22:47 Szlachta Privileges
John G
5:42 Loom
13:10 Feudal Age
17:20 Castle Age
16:24 Scale Barding Armor
17:24 Forging
22:49 Chain Barding Armor
25:04 Wheelbarrow
29:02 Hand Cart
29:38 Iron Casting
Connection lost

Rejoining the realm…

Still unreachable

The connection could not be restored.

Session expired

The server has moved on; the page needs a fresh start.